 Dungeon Crawl Stone Soup version 0.18-a0-1497-g788d838 (webtiles) character file.

1673 GrosslyIncandescent the Martial Artist (level 8, -5/62 HPs)
             Began as a Mummy Monk on Mar 4, 2016.
             Slain by Duvessa
             ... wielding a +0 short sword
              (18 damage)
             ... on level 7 of the Dungeon.
             The game lasted 00:26:18 (13504 turns).

GrosslyIncandescent the Martial Artist (MuMo)      Turns: 13504, Time: 00:26:18

Health: -5/62      AC:  4    Str: 15    XL:     8   Next: 70%
Magic:  8/8        EV: 13    Int:  9    God:
Gold:   350        SH:  5    Dex: 16    Spells: 0 memorised, 7 levels left

rFire  x . .     SeeInvis .       - Unarmed
rCold  + . .     Gourm    .     (no armour)
rNeg   + + +     Faith    .     g - +0 buckler
rPois  ∞         Spirit   .     h - +0 helmet {Robin's Head}
rElec  .         Dismiss  .     k - +0 cloak
rCorr  .         Reflect  .     (no gloves)
SustAt .         Harm     .     c - +1 pair of boots
MR     +....                    (no amulet)
Stlth  ++........               (no ring)
                                (no ring)

@: somewhat resistant to hostile enchantments, unstealthy
A: no food or potions, fire vulnerability, cold resistance 1, negative energy
resistance 3, torment resistance, unbreathing
a: no special abilities


You were on level 7 of the Dungeon.
You were not hungry.

You visited 1 branch of the dungeon, and saw 7 of its levels.
You also visited: Sewer.

You collected 350 gold pieces.


Innate Abilities, Weirdness & Mutations

You do not eat or drink.
Your flesh is vulnerable to fire.
You are immune to poison.
Your flesh is cold resistant.
You are immune to negative energy.
You are immune to unholy pain and torment.
You can survive without breathing.


   Skills:
 - Level 5.0 Fighting
 + Level 3.2 Dodging
 - Level 1.5 Stealth
 - Level 4.0 Shields
 - Level 8.0 Unarmed Combat


You had 7 spell levels left.
You didn't know any spells.

Inventory:

Hand Weapons
 r - a +0 dagger {Dowan's Prick}
Armour
 c - a +1 pair of boots (worn)
 g - a +0 buckler (worn)
 h - a +0 helmet (worn) {Robin's Head}
 j - a +0 robe {Jessica's rags}
 k - a +0 cloak (worn)
 o - the +0 leather armour of Midsummer (quivered) {Regen+ rCorr MP+9, unknown}

   It affects your magic capacity (+9).
   It increases your rate of regeneration.
   It protects you from acid and corrosion.
Scrolls
 a - 4 scrolls of recharging
 b - 4 scrolls of amnesia
 d - 11 scrolls of remove curse
 e - a scroll of enchant weapon {unknown}
 f - 2 scrolls of teleportation {@r4}
 i - 2 scrolls of fear
 l - a scroll of noise {unknown}
 m - a scroll of blinking {unknown}
 n - 2 scrolls of immolation {unknown}
 p - a scroll of magic mapping {unknown}
 q - a scroll of brand weapon {unknown}

Dungeon Overview and Level Annotations

Branches:
Dungeon (7/15)             Temple (0/1) D:6

Altars:
Ashenzari
Cheibriados
Dithmenos
Kikubaaqudgha
Pakellas
Qazlal
Sif Muna
Vehumet
Xom
The Shining One

Annotations:
D:6 exclusion: downstairs
D:7 Duvessa

▒............▒...▒▒▒▒..▒▒.......▒
▒............▒..........'.......▒
▒............▒..........▒.......▒
▒............▒..........▒.......▒
▒......e.....▒........).▒.......▒
▒............▒▒▒▒▒▒▒▒▒▒+▒.......▒
..▒'▒▒▒..................▒▒▒▒▒▒▒▒
..'...▒.........e........▒
.<▒...'.........M........▒
e.▒...▒..................▒
Ke▒...▒..................▒
..▒...▒..................▒
..▒...▒..................▒
..▒...▒..................▒
..▒▒..▒..................▒▒▒▒▒▒▒▒
▒▒▒▒..▒▒..........▒▒▒▒▒▒▒▒......▒
.......'..........▒ ▒......▒


You could see Duvessa (berserk).


Message History

You squash Duvessa like an ant!
Duvessa is lightly wounded!
Duvessa barely misses you!
Duvessa hits you with a short sword!!!!!!
You pulverise Duvessa!!!
Duvessa is lightly wounded!
Duvessa barely misses you!
You squash Duvessa like an ant!!!
Duvessa is moderately wounded!
Duvessa hits you with a short sword!!! * * * don't die
* * * You pulverise Duvessa!
Duvessa is heavily wounded!
Duvessa hits you with a short sword! * * * don't die
* * * Duvessa hits you but does no damage!
You closely miss Duvessa!
Duvessa is heavily wounded!
You block Duvessa's attack!
You beat Duvessa into a bloody pulp!!!
Duvessa is severely wounded!
Duvessa hits you with a short sword!!! * * * don't die
* * * You barely miss Duvessa!
Duvessa is severely wounded!
You block Duvessa's attack!
You pulverise Duvessa but do no damage!
Duvessa is severely wounded!
Duvessa hits you with a short sword!!!!!! rip

Action                   |  1- 3 |  4- 6 |  7- 9 || total
-------------------------+-------+-------+-------++-------
Melee: Unarmed           |   166 |   443 |   436 ||  1045
  Use: Scroll            |       |     8 |       ||     8
 Stab: Sleeping          |     1 |     3 |     2 ||     6
       Distracted        |       |     1 |       ||     1

Vault maps used:
D:1:      ncdulo_wetmaze, minmay_distorted
D:2:      gammafunk_temple_overflow_elements, nicolae_dithmenos_shadow_blocks,
          lemuel_flame_loot_1, uniq_jessica, uniq_robin
D:3:      grunt_temple_overflow_open
D:4:      nicolae_qazlal_style_of_elements, first_bread,
          lightli_sewer_entry_pipes
D:5:      tso_metal_star
D:6:      xom_butterflies, nicolae_overflow_crystal_walls, temple_green
D:7:      overflow_temple_1_default, nicolae_ru_sacrificial_ziggurat,
          fiery_altar_vehumet, uniq_duvessa, uniq_pikel
Sewer:    sewer_kobolds

Notes
Turn   | Place    | Note
--------------------------------------------------------------
     0 | D:1      | GrosslyIncandescent the Mummy Monk began the quest for the Orb.
     0 | D:1      | Reached XP level 1. HP: 18/18 MP: 1/1
   330 | D:1      | Reached XP level 2. HP: 24/24 MP: 2/2
   557 | D:1      | Reached skill level 4 in Unarmed Combat
   738 | D:1      | Reached XP level 3. HP: 29/29 MP: 3/3
  1623 | D:2      | Found a shadowy altar of Dithmenos.
  1623 | D:2      | Noticed Jessica
  1900 | D:2      | Noticed Robin
  2045 | D:1      | Reached XP level 4. HP: 24/35 MP: 4/4
  2945 | D:2      | Killed Robin
  2945 | D:2      | Reached skill level 5 in Unarmed Combat
  3138 | D:2      | Found an ancient bone altar of Kikubaaqudgha.
  3138 | D:2      | Found a snail-covered altar of Cheibriados.
  3772 | D:2      | Killed Jessica
  3772 | D:2      | Reached skill level 1 in Shields
  3772 | D:2      | Reached XP level 5. HP: 39/41 MP: 5/5
  4030 | D:3      | Noticed a phantom
  4039 | D:3      | Found an oddly glowing altar of Pakellas.
  4041 | D:3      | Found a shattered altar of Ashenzari.
  4101 | D:1      | HP: 2/41 [orc/short sword (8)]
  4256 | D:1      | Reached skill level 2 in Shields
  5283 | D:4      | Got a heavily runed leather armour
  5383 | D:4      | Noticed an ogre
  5538 | D:4      | Found a glowing drain.
  5543 | Sewer    | Entered a sewer
  5571 | Sewer    | Reached skill level 3 in Shields
  5786 | Sewer    | Reached XP level 6. HP: 24/47 MP: 6/6
  5976 | Sewer    | Found a glowing silver altar of Zin.
  5992 | Sewer    | y
  6298 | D:4      | Reached skill level 4 in Shields
  6807 | D:4      | Found a stormy altar of Qazlal.
  6809 | D:4      | Noticed a water elemental
  6810 | D:4      | Noticed a fire elemental
  6810 | D:4      | Noticed an air elemental
  6960 | D:5      | Entered Level 5 of the Dungeon
  7251 | D:5      | Reached skill level 4 in Fighting
  7489 | D:5      | Reached XP level 7. HP: 31/54 MP: 7/7
  8006 | D:4      | Reached skill level 5 in Fighting
  8825 | D:4      | HP: 4/56 [ogre/giant club (25)]
  9393 | D:2      | Reached skill level 6 in Unarmed Combat
 10085 | D:4      | Reached XP level 8. HP: 33/62 MP: 8/8
 10486 | D:5      | Found a glowing golden altar of the Shining One.
 11226 | D:6      | Reached skill level 7 in Unarmed Combat
 11428 | D:6      | Found a deep blue altar of Sif Muna.
 11923 | D:6      | Found a staircase to the Ecumenical Temple.
 12014 | D:6      | Found a shimmering altar of Xom.
 12400 | D:7      | Reached skill level 8 in Unarmed Combat
 12558 | D:7      | Found a radiant altar of Vehumet.
 12807 | D:7      | Found a glowing golden altar of the Shining One.
 13064 | D:7      | Noticed Duvessa
 13064 | D:7      | Noticed Dowan
 13415 | D:7      | Killed Dowan
 13415 | D:7      | Reached skill level 3 in Dodging
 13504 | D:7      | Slain by Duvessa

Vanquished Creatures
  A water moccasin (D:6)
  2 ogres (D:2)
  A necrophage (D:6)
  A phantom (D:3)
  A centaur (D:6)
  A big kobold (Sewer)
  A giant frog (D:7)
  A scorpion (D:5)
  Dowan (D:7)
  A howler monkey (D:5)
  A hound (D:4)
  4 orc priests
  4 orc wizards
  Jessica (D:2)
  4 iguanas
  5 worker ants
  Robin (D:2)
  4 gnolls (D:5)
  10 adders
  A river rat (Sewer)
  3 oozes
  An adder skeleton (D:5)
  3 worms
  3 dart slugs
  9 giant geckos
  32 orcs
  2 ball pythons (D:2)
  8 bats
  7 giant cockroaches
  19 goblins
  12 hobgoblins
  7 jackals
  11 kobolds
  4 quokkas
  6 giant newts
  14 rats
  A butterfly (D:6)
188 creatures vanquished.

Vanquished Creatures (others)
  An adder (D:2)
  An ooze (D:4)
  A goblin (D:2)
3 creatures vanquished.

Grand Total: 191 creatures vanquished
